 Dungeon Crawl Stone Soup version 0.23.2 (webtiles) character file.

Game seed: 16751450188980881163

39 Lusmu the Caller (level 3, -2/26 HPs)
             Began as a Merfolk Summoner on Apr 2, 2019.
             Killed by divine providence
             ... invoked by an orc priest
              (13 damage)
             ... on level 3 of the Dungeon.
             The game lasted 00:07:41 (2876 turns).

Lusmu the Caller (Merfolk Summoner)                 Turns: 2876, Time: 00:07:45

Health: -2/26      AC:  4    Str:  9    XL:     3   Next: 45%
Magic:  4/6        EV: 13    Int: 14    God:
Gold:   135        SH:  0    Dex: 14    Spells: 2/6 levels left

rFire    . . .     SeeInvis .   e - +0 dagger
rCold    + . .     Gourm    .   (no shield)
rNeg     . . .     Faith    .   a - +0 robe
rPois    .         Spirit   .   g - +0 helmet
rElec    .         Reflect  .   (no cloak)
rCorr    .         Harm     .   q - +0 pair of gloves
MR       .....                  (no boots)
Stlth    ++........             (no amulet)
HPRegen  0.08/turn              b - ring of protection from cold
MPRegen  0.10/turn              p - ring of wizardry

@: about to teleport
A: change form in water, swift swim, stealthy swim
a: no special abilities


You were on level 3 of the Dungeon.
You were not hungry.

You visited 1 branch of the dungeon, and saw 3 of its levels.

You collected 135 gold pieces.

Inventory:

Hand Weapons
 e - a +0 dagger (weapon)
Missiles
 d - a throwing net (quivered)
 o - 14 poisoned needles
Armour
 a - a +0 robe (worn)
 g - a +0 helmet (worn)
 n - a +1 helmet
 q - a +0 pair of gloves (worn)
Jewellery
 b - a ring of protection from cold (left hand)
 p - a ring of wizardry (right hand)
Scrolls
 i - a scroll of blinking {unknown}
 k - 4 scrolls of teleportation
 r - a scroll of remove curse {unknown}
Potions
 f - a potion of might {unknown}
 h - a potion of flight {unknown}
 j - a potion of degeneration {unknown}
 l - 2 potions of curing
Comestibles
 c - 2 rations


   Skills:
 * Level 1.1 Fighting
 + Level 0.3 Short Blades
 - Level 2.6 Dodging
 * Level 2.4 Stealth
 * Level 2.1 Spellcasting
 * Level 4.7 Summonings


You had 2 spell levels left.
You knew the following spells:

 Your Spells              Type           Power        Failure   Level  Hunger
a - Summon Small Mammal   Summ           ##..         1%          1    #......
b - Call Canine Familiar  Summ           ##......     4%          3    ###....

Your spell library contained the following spells:

 Spells                   Type           Power        Failure   Level  Hunger
 Call Imp                 Summ           ##......     1%          2    ###....
 Summon Guardian Golem    Hex/Summ       #.......     11%         3    ###....
 Summon Ice Beast         Ice/Summ       #.......     32%         4    #####..
 Summon Lightning Spire   Summ/Air       #.......     32%         4    #####..


Dungeon Overview and Level Annotations

Branches:
Dungeon (3/15)

Altars:
Fedhas
Wu Jian

Annotations:
D:2 Sigmund


Message History

The orc priest looks satisfied for a moment.
Your hound bites the orc priest.
A goblin comes into view.
Okay, then.
As you read the scroll labeled OSOTAU CEPH, it crumbles to dust.
You feel strangely unstable.
It was a scroll of teleportation.
Your hound barely misses the orc priest.
The orc priest mumbles some strange prayers to Beogh against you.
Beogh smites you!
* * * LOW HITPOINT WARNING * * *
Your hound closely misses the orc priest.
You feel better. The orc priest misses your hound.
Your hound bites the orc priest but does no damage.
Your hound bites the goblin.
The goblin dies!
Your hound bites the orc priest but does no damage.
The orc priest invokes the aid of Beogh against you.
Beogh smites you!
Ouch! That really hurt!
You die...

# ###############'#
#................
#........o..o....
#..(.@..(o(†h....
#####.#####...)...#'
#.....# #......(# #.###.#
#.<.....# #.### #.###.##
#.......#
#.....#.##...####.......#
#......_......#######
######...##.### ##.###.#


You could see an orc priest, 2 orcs and a friendly hound.

Vanquished Creatures
  2 leopard geckos
  4 bats (D:1)
  5 goblins
  5 hobgoblins
  A quokka (D:2)
  2 frilled lizards
  A kobold (D:2)
  4 rats
24 creatures vanquished.

Vanquished Creatures (collateral kills)
  A dart slug (D:1)
  3 orcs (D:3)
  2 bats
  2 giant cockroaches (D:1)
  A goblin (D:3)
  2 hobgoblins
  A frilled lizard (D:3)
12 creatures vanquished.

Grand Total: 36 creatures vanquished

Notes
Turn   | Place    | Note
-------+----------+-------------------------------------------
     0 | D:1      | Lusmu the Merfolk Summoner began the quest for the Orb.
     0 | D:1      | Reached XP level 1. HP: 13/13 MP: 3/3
   393 | D:1      | Reached XP level 2. HP: 19/19 MP: 5/5
  1510 | D:2      | Found a blossoming altar of Fedhas.
  1922 | D:2      | Noticed Sigmund
  2124 | D:2      | Reached XP level 3. HP: 17/25 MP: 6/6
  2224 | D:2      | Learned a level 3 spell: Call Canine Familiar
  2702 | D:3      | Reached skill level 1 in Fighting
  2830 | D:3      | Found an ornate altar of the Wu Jian Council.
  2874 | D:3      | HP: 1/26 [orc priest/divine providence (12)]
  2876 | D:3      | Killed from afar by an orc priest

Skill      XL: |  1  2  3 |
---------------+----------+-----
Fighting       | 1 |  1.1
Short Blades   | |  0.3
Dodging        | |  2.6
Stealth        | |  2.4
Spellcasting   | |  2.1
Summonings     | |  4.7

Action                   || total
-------------------------++-------
Melee: Unarmed           ||    19
       Dagger            ||   110
 Cast: Summon Small Mamm ||    10
       Call Canine Famil ||     3
  Use: Potion            ||     2
       Scroll            ||     1
 Stab: Sleeping          ||     3
  Eat: Chunk             ||     7
Armor: Robe              ||    48
Dodge: Dodged            ||   123
